Map: Chantier naval orbital

Players

Dest - Winner!

  • Race: Terran Terran
  • League: Silver

AgCl

  • Race: Protoss Protoss
  • League: Silver

VOD

Have the link to the VOD?

Description

Time

  • Played on: July 17, 2015, 4:51 p.m.
  • Length: 18:08
Show
View Real Time Build Order
Export as new Build Order

Dest Terran - Winner!

Build Orders: MMM Bio 

Get SALT Encoding   

  12  0:01  SCV  
  13  0:13  SCV  
  14  0:19  Supply Depot  
  14  0:25  SCV  
  15  0:40  SCV  
  16  0:43  Barracks  
  16  0:46  Refinery  
  16  0:53  SCV  
  17  1:05  SCV, Barracks  
  18  1:17  SCV  
  19  1:32  Supply Depot, Barracks Tech Lab  
  19  1:35  Orbital Command  
  19  1:51  Marine  
  19  1:53  Marine  
  20  2:00  SCV  
  21  2:03  Stimpack  
  21  2:14  Marine  
  22  2:17  SCV  
  22  2:20  Barracks Reactor  
  23  2:29  Command Center  
  23  2:34  Marine  
  23  2:37  SCV  
  25  2:41  Supply Depot  
  25  2:50  SCV  
  26  2:54  Marauder  
  26  2:58  Marine x2  
  30  3:02  SCV  
  31  3:11  Factory  
  31  3:17  Refinery  
  31  3:18  Marine x2  
  33  3:23  Marauder  
  33  3:24  SCV  
  36  3:36  SCV  
  37  3:42  Supply Depot  
  37  3:43  Orbital Command  
  37  3:44  Marine x2  
  37  3:48  SCV, Marauder  
  42  3:56  Starport  
  39  4:05  Marine  
  39  4:06  Marine  
  39  4:09  Factory Tech Lab  
  41  4:10  SCV x2  
  41  4:14  Marauder  
  45  4:22  SCV x2  
  47  4:25  Combat Shields  
  47  4:26  Supply Depot  
  47  4:28  Marine x2  
  49  4:34  SCV x2  
  51  4:44  Marine, Medivac  
  54  4:46  SCV x2  
  54  4:49  Supply Depot  
  54  4:51  Marine x2  
  58  4:56  Barracks  
  58  5:02  SCV x2  
  58  5:06  Supply Depot  
  60  5:09  Engineering Bay  
  60  5:11  Engineering Bay  
  60  5:13  Marauder  
  60  5:14  Medivac  
  64  5:18  Marine  
  64  5:19  Marine  
  66  5:22  SCV  
  66  5:23  SCV  
  66  5:26  Refinery  
  66  5:28  Supply Depot  
  68  5:36  Marauder  
  68  5:38  SCV x2  
  68  5:41  Marine x2  
  68  5:42  Refinery  
  74  5:44  Barracks Reactor  
  74  5:47  Concussive Shells  
  74  5:50  SCV x2  
  76  5:57  Marine  
  76  5:58  Marine  
  78  6:06  Marine  
  78  6:08  SCV x2  
  81  6:14  Command Center  
  81  6:17  Marauder, Marine  
  83  6:30  Marine x3  
  77  6:38  Marauder, Marine  
  80  6:44  Medivac  
  82  6:47  Terran Infantry Weapons Level 1, Terran Infantry Armor Level 1  
  82  6:48  Supply Depot, Marine x3  
  85  6:55  Marine  
  85  6:57  Armory  
  85  7:00  Marauder  
  88  7:05  Marine  
  88  7:06  Marine x2  
  91  7:13  Marine  
  91  7:14  Medivac  
  94  7:21  Marauder  
  94  7:22  Unknown  
  96  7:23  Marine x2  
  96  7:24  Marine  
  96  7:26  Orbital Command  
  99  7:31  Marine  
  98  7:41  Marine x2  
  98  7:42  Marine  
  98  7:43  Marauder  
  89  7:44  Medivac  
  89  7:49  Marine, Orbital Command  
  78  7:59  Marine x2  
  78  8:00  Marine  
  78  8:04  Marauder  
  83  8:07  SCV, Marine  
  83  8:08  SCV, Barracks  
  83  8:10  Barracks  
  86  8:14  Medivac  
  86  8:15  Barracks  
  86  8:19  Marine x3  
  91  8:25  Marauder, Marine  
  92  8:41  Marine x3  
  77  8:42  Marine  
  77  8:44  Medivac  
  77  8:47  Missile Turret, Marauder  
  81  8:54  Missile Turret  
  81  8:56  Marine x2  
  81  8:59  Marine x2  
  81  9:01  Marine x2  
  84  9:06  Marine  
  84  9:08  Marauder  
  87  9:14  Marine x2  
  87  9:17  Marine x2  
  89  9:19  Marine x2  
  89  9:22  Widow Mine  
  89  9:23  Medivac  
  89  9:24  Marine  
  97  9:30  Marauder  
  100  9:32  Marine x2  
  100  9:34  Marine  
  100  9:36  Marine  
  102  9:42  Marine  
  102  9:44  Marine  
  102  9:50  Orbital Command  
  102  9:51  Marauder  
  90  10:00  Barracks Tech Lab  
  90  10:01  Barracks Tech Lab  
  90  10:02  Barracks Tech Lab  
  89  10:11  Marine x4  
  89  10:12  Marauder, Medivac  
  97  10:14  Terran Infantry Weapons Level 2, Terran Infantry Armor Level 2  
  71  10:28  Marine  
  71  10:29  Marine x5  
  71  10:30  Marauder  
  71  10:34  Marauder  
  66  10:43  Refinery  
  66  10:44  Refinery  
  66  10:46  Marine x2  
  66  10:47  Marine x3  
  66  10:48  Marauder  
  73  10:50  Marine  
  73  10:55  Marauder  
  76  10:57  Medivac  
  78  11:04  Marine x2  
  78  11:05  Marine x3  
  78  11:09  Marauder, Marine  
  86  11:16  Marine  
  87  11:20  Supply Depot  
  87  11:22  Supply Depot, Marine x2  
  87  11:23  Marine x3  
  92  11:27  Marine  
  92  11:28  Command Center  
  92  11:30  Marine  
  94  11:34  Marine  
  95  11:40  Medivac, Marine x2  
  95  11:42  Marine x3  
  95  11:45  Supply Depot, Marauder  
  104  11:47  Marine  
  104  11:52  Marauder  
  107  11:57  Marine  
  107  11:58  Marine  
  107  11:59  Marine  
  107  12:00  Marauder, Marine  
  113  12:06  Marauder x2  
  117  12:13  Marine  
  117  12:15  Marine x2  
  117  12:17  Marine  
  117  12:18  Marine  
  117  12:21  Marauder  
  96  12:27  Marauder, Marine  
  82  12:31  Marine  
  82  12:33  Marine x2  
  82  12:35  Marine x2  
  87  12:43  Marauder  
  87  12:45  Marine  
  87  12:47  Orbital Command  
  87  12:48  Marine, Starport Reactor  
  87  12:49  Marine  
  87  12:51  Marine x2  
  90  12:54  Marine x2  
  90  12:57  Starport  
  90  12:58  Starport  
  94  13:01  Factory Reactor  
  94  13:03  Marine  
  94  13:04  Marine  
  96  13:06  Marine x2  
  98  13:21  Marine x5  
  98  13:22  Marine  
  98  13:24  Viking x2, Orbital Command  
  108  13:30  Marine x2  
  110  13:38  Marine  
  110  13:39  Marine x2  
  110  13:41  Marauder, Marine x2  
  113  13:48  Marine x2  
  118  13:54  Viking  
  117  14:04  Marine x2  
  117  14:05  Marine x2  
  117  14:06  Viking x3  
  123  14:26  Viking x2  
  125  14:36  Viking, Medivac  
  129  14:46  Viking  
  129  14:49  Supply Depot  
  129  14:50  Supply Depot  
  131  14:56  Viking x2  
  131  14:58  Command Center  
  135  15:01  Marine x5  
  140  15:10  Viking x2  
  144  15:16  Viking  
  144  15:18  Marine x3  
  144  15:19  Marine  
  150  15:26  Viking x2  
  108  15:44  Marauder, Marine x5  
  108  15:45  Marauder x2  
  108  15:49  Viking  
  101  15:50  Viking x2  
  105  16:02  Marine x4  
  105  16:03  Marauder  
  109  16:05  Marine  
  109  16:06  Marauder, Marine  
  88  16:19  Marine  
  88  16:20  Marine x3  
  88  16:23  Marauder  
  88  16:24  Marauder, Marine  
  97  16:27  Marine  
  98  16:34  Viking x2  
  98  16:37  Marine x2  
  104  16:42  Marauder  
  104  16:43  Medivac x2  
  104  16:44  Medivac  
  112  16:49  Marauder x2  
  116  17:04  Viking x2  
  116  17:05  Marine x3  
  123  17:13  Viking  
  123  17:14  Planetary Fortress  
  119  17:33  Marine x4  
  119  17:34  Marauder x2, Marine x2  
  129  17:39  SCV x3  
Show
View Real Time Build Order
Export as new Build Order

AgCl Protoss 

Build Orders: Oracle Opening, Carrier Rush 

Get SALT Encoding   

  13  0:13  Pylon  
  12  0:17  Probe  
  13  0:29  Probe  
  13  0:32  Gateway  
  14  0:40  Assimilator  
  14  0:43  Probe  
  15  0:55  Probe  
  16  0:57  Pylon  
  16  1:07  Probe (Chrono Boost)  
  16  1:09  Pylon  
  18  1:18  Probe (Chrono Boost)  
  18  1:24  Probe (Chrono Boost), Zealot (Chrono Boost)  
  21  1:35  Cybernetics Core  
  21  1:36  Probe (Chrono Boost)  
  23  1:47  Probe (Chrono Boost)  
  23  1:53  Probe (Chrono Boost)  
  24  1:56  Assimilator  
  24  2:05  Probe  
  25  2:16  Stargate  
  25  2:17  Probe (Chrono Boost)  
  25  2:22  Warp Gate  
  26  2:27  Probe (Chrono Boost)  
  27  2:34  Probe, Adept  
  30  2:46  Probe  
  31  2:57  Nexus  
  31  3:01  Oracle (Chrono Boost)  
  35  3:15  Mothership Core (Chrono Boost)  
  35  3:19  Pylon  
  36  3:29  Probe (Chrono Boost)  
  37  3:37  Pylon  
  37  3:41  Probe  
  37  3:42  Gateway  
  37  3:46  Gateway  
  38  3:53  Probe  
  36  4:08  Probe (Chrono Boost)  
  36  4:09  Probe (Chrono Boost)  
  38  4:10  Assimilator  
  38  4:19  Probe (Chrono Boost)  
  38  4:20  Pylon  
  38  4:22  Probe (Chrono Boost)  
  40  4:24  Fleet Beacon  
  42  4:31  Probe x2 (Chrono Boost)  
  42  4:36  Assimilator  
  42  4:38  Probe x2 (Chrono Boost)  
  44  4:44  Gateway  
  44  4:46  Adept  
  44  4:47  Carrier (Chrono Boost)  
  44  4:49  Probe  
  44  4:51  Probe  
  48  5:01  Probe (Chrono Boost)  
  50  5:10  Probe (Chrono Boost)  
  50  5:12  Probe (Chrono Boost)  
  57  5:15  Graviton Catapult (Chrono Boost)  
  57  5:17  Probe (Chrono Boost)  
  57  5:20  Probe  
  59  5:24  Protoss Air Weapons Level 1 (Chrono Boost)  
  59  5:28  Probe  
  60  5:31  Pylon  
  60  5:32  Probe  
  61  5:40  Probe  
  62  5:44  Carrier (Chrono Boost)  
  62  5:45  Probe  
  63  5:51  Nexus  
  63  5:52  Probe  
  64  6:00  Probe  
  71  6:04  Probe  
  72  6:12  Probe, Forge  
  72  6:16  Probe  
  74  6:24  Probe  
  75  6:35  Probe  
  76  6:41  Stargate  
  76  6:44  Pylon x2  
  76  6:45  Carrier (Chrono Boost)  
  76  6:50  Assimilator  
  76  6:51  Pylon  
  76  6:52  Photon Cannon  
  76  6:53  Assimilator  
  76  6:56  Pylon  
  76  6:57  Protoss Air Weapons Level 2 (Chrono Boost)  
  76  7:01  Protoss Ground Weapons Level 1  
  76  7:02  Probe  
  83  7:10  Photon Cannon  
  83  7:12  Adept  
  83  7:14  Carrier (Chrono Boost)  
  83  7:28  Probe  
  90  7:31  Pylon  
  90  7:33  Pylon  
  90  7:38  Adept x3  
  96  7:52  Nexus  
  96  7:59  Robotics Facility  
  96  8:05  Photon Cannon  
  96  8:19  Twilight Council  
  96  8:20  Probe  
  96  8:21  Probe  
  96  8:25  Carrier (Chrono Boost)  
  109  9:00  Adept x4  
  92  9:20  Probe  
  92  9:22  Adept x2  
  85  9:44  Carrier (Chrono Boost)  
  74  9:57  Protoss Ground Weapons Level 2 (Chrono Boost)  
  74  9:58  Probe  
  75  10:00  Probe  
  75  10:02  Stargate  
  75  10:04  Pylon  
  75  10:05  Pylon  
  75  10:06  Pylon  
  82  10:10  Pylon  
  82  10:14  Templar Archives  
  82  10:18  Pylon  
  82  10:19  Probe (Chrono Boost)  
  82  10:21  Mothership Core (Chrono Boost)  
  86  10:23  Probe (Chrono Boost)  
  77  10:29  Probe (Chrono Boost), Carrier (Chrono Boost)  
  77  10:30  Probe (Chrono Boost)  
  77  10:35  Probe  
  81  10:49  Shield Upgrade  
  83  11:03  Probe  
  84  11:06  Psionic Storm, Robotics Facility  
  84  11:10  Protoss Air Weapons Level 3 (Chrono Boost)  
  84  11:48  High Templar x2  
  84  11:54  Gateway  
  88  11:55  Observer (Chrono Boost)  
  88  12:01  Nexus  
  89  12:06  Gateway  
  89  12:09  Observer (Chrono Boost)  
  89  12:13  Carrier (Chrono Boost)  
  72  12:26  Adept  
  72  12:27  Adept  
  74  12:32  Assimilator  
  74  12:36  Pylon x2  
  80  12:52  Gateway, Warp Prism (Chrono Boost)  
  80  12:57  Protoss Ground Weapons Level 3 (Chrono Boost)  
  82  13:00  Pylon  
  82  13:01  Assimilator  
  82  13:07  Adept  
  84  13:14  Dark Shrine  
  84  13:17  High Templar  
  84  13:19  High Templar  
  88  13:23  Probe  
  89  13:30  Photon Cannon  
  89  13:32  High Templar  
  91  13:35  High Templar  
  93  13:49  Adept  
  93  13:50  Adept  
  91  14:00  Probe  
  91  14:01  Gateway  
  92  14:05  Gateway  
  92  14:07  Adept  
  86  14:31  Photon Cannon  
  86  14:33  Probe  
  87  14:41  Photon Cannon  
  87  14:57  Nexus, Carrier (Chrono Boost)  
  87  15:04  High Templar x3  
  87  15:05  High Templar x2  
  97  15:10  Archon x2  
  97  15:17  Protoss Air Armor Level 1 (Chrono Boost)  
  103  15:32  Probe  
  103  15:33  Pylon  
  85  15:43  Archon  
  85  15:45  Archon  
  65  15:51  Adept x3  
  65  15:52  Adept x4  
  75  16:07  Carrier  
  65  16:12  Adept x2  
  65  16:13  Stalker  
  63  16:20  Stalker  
  63  16:21  High Templar x3  
  63  16:35  Assimilator  
  63  16:38  Assimilator  
  69  16:48  Observer  
  75  16:54  Probe x2 (Chrono Boost)  
  75  16:56  Probe x2 (Chrono Boost)  
  75  16:58  Probe (Chrono Boost)  
  77  17:02  Probe x3 (Chrono Boost)  
  77  17:03  Probe (Chrono Boost)  
  79  17:09  Observer  
  79  17:10  Dark Templar  
  79  17:11  Dark Templar  
  86  17:17  Probe (Chrono Boost)  
  86  17:20  Probe x2 (Chrono Boost)  
  89  17:23  Probe (Chrono Boost)  
  89  17:24  Probe (Chrono Boost)  
  89  17:28  Stalker x2  
  82  17:34  Pylon  
  80  17:37  High Templar x2  
  80  17:38  High Templar  
  86  17:45  Photon Cannon  
  86  17:46  Probe  
  86  17:48  Probe  
  88  17:52  Probe  
  88  17:53  Probe  
Tags
 
Add a new tag
Caveats
  • Supply blocks, unpowered buildings, or Contaminate may cause inaccurate times.
  • Supply counts are checked every 10 seconds.